 Dungeon Crawl Stone Soup version 0.29-a0-857-g9b1aa3ac5b (webtiles) character file.

Game seed: 11614494561180303420

29 quixfox the Trooper (level 3, 0/33 HPs)
             Began as a Hill Orc Fighter on July 17, 2022.
             Succumbed to a kobold's poison
             ... on level 1 of the Dungeon.
             The game lasted 00:01:11 (605 turns).

quixfox the Trooper (Hill Orc Fighter)               Turns: 605, Time: 00:01:11

Health: 0/33       AC:  9    Str: 20    XL:     3   Next: 16%
Magic:  3/3        EV:  7    Int:  8    God:
Gold:   38         SH:  4    Dex: 10    Spells: 2/2 levels left

rFire   . . .      SeeInvis .   a - +0 war axe
rCold   . . .      Faith    .   c - +0 buckler
rNeg    . . .      Spirit   .   g - +0 chain mail
rPois   .          Reflect  .   (no helmet)
rElec   .          Harm     .   (no cloak)
rCorr   .          Rampage  .   (no gloves)
Will    .....                   (no boots)
Stlth   ..........              (no amulet)
HPRegen 0.11/turn               (no ring)
MPRegen 0.08/turn               (no ring)

@: mighty, lethally poisoned (0 -> -10)
A: no striking features
a: no special abilities


You were on level 1 of the Dungeon.
You visited 1 branch of the dungeon, and saw 1 of its levels.

You collected 38 gold pieces.

Inventory:

Hand Weapons
 a - a +0 war axe (weapon)
Armour
 c - a +0 buckler (worn)
 g - a +0 chain mail (worn)
Jewellery
 f - a ring of fire
Scrolls
 e - a scroll of identify {unknown}


   Skills:
 + Level 4.0 Fighting
 * Level 3.8 Axes
 + Level 3.6 Armour
 - Level 3.2 Shields


You had 2 spell levels left.
You didn't know any spells.
Your spell library was empty.

Dungeon Overview and Level Annotations

Branches:
Dungeon (1/15)

Altars:


Message History

You closely miss the quokka. You block the quokka's attack.
You closely miss the quokka.
The quokka bites you but does no damage.
You block the quokka's attack.
You hit the quokka.
The quokka is almost dead.
The quokka bites you but does no damage. x2
You hit the quokka.
You kill the quokka!
No target in view!
You see here a quokka corpse.
A kobold comes into view. It is wielding a +1 whip of venom.
The kobold shouts!
The kobold hits you with a +1 whip of venom.
You hit the kobold.
The kobold is moderately wounded.
The kobold hits you with a +1 whip of venom. x2
You closely miss the kobold.
The kobold is moderately wounded.
The kobold barely misses you.
You barely miss the kobold.
The kobold is moderately wounded.
The kobold hits you with a +1 whip of venom.
You are poisoned.
A hobgoblin comes into view.
The kobold hits you with a +1 whip of venom.
You are lethally poisoned!
You feel very sick.
The hobgoblin shouts!
* * * LOW HITPOINT WARNING * * *
You feel very sick.
* * * LOW HITPOINT WARNING * * *
You feel very sick.
You feel very mighty all of a sudden.
* * * LOW HITPOINT WARNING * * *
You feel very sick. You block the kobold's attack.
You slash the kobold!
You kill the kobold!
You die...

#.#..#.......# ##
.#..#........# #.
............## #..
#.#.##††###.#
#..####...##.## #.#
#..g....####.####.#
#.....#.##........#
.########g#.##...####.##
.......@)...##..## #.##
#########†#.##..# ##.##
#.#.##..# #....
#.#.##..####.#.#
#.#.##....##.#.#
#.........##....
###.##....##....
#.##.#..#.....
#.##.#.†......


You could see a hobgoblin.

Vanquished Creatures
  2 dart slugs (D:1)
  3 endoplasms (D:1)
  2 goblins (D:1)
  6 kobolds (D:1)
  5 quokkas (D:1)
  A ball python (D:1)
  2 bats (D:1)
  A frilled lizard (D:1)
  3 rats (D:1)
25 creatures vanquished.

Notes
Turn   | Place    | Note
-------+----------+-------------------------------------------
     0 | D:1      | quixfox the Hill Orc Fighter began the quest for the Orb.
     0 | D:1      | Reached XP level 1. HP: 19/19 MP: 1/1
    46 | D:1      | Reached XP level 2. HP: 11/27 MP: 2/2
   218 | D:1      | Found a faded altar of an unknown god.
   384 | D:1      | Reached skill level 4 in Fighting
   467 | D:1      | Reached XP level 3. HP: 33/33 MP: 3/3
   605 | D:1      | Succumbed to a kobold's poison

Illustrated notes

Levels and vault maps discovered:
D:1:      lemuel_arrival_lava_pool, layout_loops_ring,
          hellmonk_ecumenical_altar_blasted

Skill      XL: |  1  2 |
---------------+-------+-----
Axes           | 3 |  3.8
Fighting       | 4 |  4.0
Armour         | |  3.6
Shields        | |  3.2

Action                   || total
-------------------------++-------
Melee: War axe           ||    66
  Use: Potion            ||     1
Armor: Scale mail        ||    15
       Chain mail        ||    17
Dodge: Dodged            ||    23
Block: Buckler           ||    16

Table legend: (Time is in decaauts)
 A = Elapsed time spent in this place.
 B = Non-inter-level travel time spent in this place.
 C = Inter-level travel time spent in this place.
 D = Time resting spent in this place.
 E = Time spent auto-exploring this place.
 F = Levels seen in this place.
 G = Mean time per level.
                   A        B        C        D        E       F      G
               +--------+--------+--------+--------+--------+-----+--------+
         Total |    628 |    628 |      0 |      0 |    453 |   1 |  628.0 |
       Dungeon |    628 |    628 |      0 |      0 |    453 |   1 |  628.0 |
               +--------+--------+--------+--------+--------+-----+--------+

Top non-repeatable levels by time:
     D:1: 628 daAuts
